 Dungeon Crawl Stone Soup version 0.19.1 (webtiles) character file.

16 LadySerpentine the Caller (level 2, -1/15 HPs)
             Began as a Deep Elf Summoner on Dec 1, 2016.
             Slain by a leopard gecko (4 damage)
             ... on level 1 of the Dungeon.
             The game lasted 00:08:12 (1103 turns).

LadySerpentine the Caller (Deep Elf Summoner)       Turns: 1103, Time: 00:08:13

Health: -1/15      AC:  2    Str:  5    XL:     2   Next: 41%
Magic:  3/8        EV: 13    Int: 19    God:
Gold:   66         SH:  0    Dex: 15    Spells: 2 memorised, 5 levels left

rFire  . . .     SeeInvis .     e - -2 mace (curse)
rCold  . . .     Gourm    .     a - +0 robe
rNeg   . . .     Faith    .     (no shield)
rPois  .         Spirit   .     (no helmet)
rElec  .         Reflect  .     (no cloak)
rCorr  .         Harm     .     (no gloves)
MR     .....                    (no boots)
Stlth  ++........               (no amulet)
                                (no ring)
                                (no ring)

@: no status effects
A: no striking features
a: no special abilities


You were on level 1 of the Dungeon.
You were hungry.

You visited 1 branch of the dungeon, and saw 1 of its levels.

You collected 66 gold pieces.

Inventory:

Hand Weapons
 e - a cursed -2 mace (weapon)
Missiles
 g - 18 arrows
Armour
 a - a +0 robe (worn)
Scrolls
 h - a scroll of random uselessness {unknown}
 i - a scroll of fog {unknown}
 k - a scroll of remove curse {unknown}
Potions
 d - a potion of lignification {unknown}
 f - a potion of cancellation {unknown}
 j - a potion of magic {unknown}
 l - a potion of brilliance {unknown}
 n - a potion of mutation {unknown}
Books
 b - a book of Callings

   Spells                             Type                      Level
   a - Summon Small Mammal            Summoning                    1
   b - Call Imp                       Summoning                    2
   c - Call Canine Familiar           Summoning                    3
   d - Summon Guardian Golem          Hexes/Summoning              3
   e - Summon Lightning Spire         Summoning/Air                4
   f - Summon Ice Beast               Ice/Summoning                4
Comestibles
 c - a bread ration
 m - a beef jerky


   Skills:
 + Level 2.5 Dodging
 + Level 2.5 Stealth
 + Level 3.5 Spellcasting
 + Level 4.7 Summonings


You had 5 spell levels left.
You knew the following spells:

 Your Spells              Type           Power        Failure   Level  Hunger
a - Summon Small Mammal   Summ           ###.         1%          1    None
b - Call Imp              Summ           ###.....     3%          2    ##.....


Dungeon Overview and Level Annotations

Branches:
Dungeon (1/15)

Altars:


Message History

Your quokka disappears in a puff of smoke!
The jackal completely misses you. The jackal barely misses you.
Casting: Summon Small Mammal
Confirm with . or Enter, or press ? or * to list all spells.
A beastly little devil appears in a puff of flame.
The jackal bites you.
* * * LOW HITPOINT WARNING * * *
The jackal bites you but does no damage.
The jackal bites you but does no damage.
You swap places.
A leopard gecko comes into view.
The jackal closely misses your crimson imp.
The leopard gecko moves out of view.
The jackal closely misses your crimson imp.
Your crimson imp barely misses the jackal.
The jackal bites your crimson imp.
Your crimson imp blinks!
The leopard gecko bites you.
You die...

..#### #.###..# ##.###.#)## #
.....# #.# ##.###..# #...# #
..##.#######.# #..#..## ##..# #
..........##.#####...## #..# #
..##...........##..### #..#
..##)).............########..##
..##.....#......##........##..###
.#####.###.....l.########........
.# #..##.......@..h§########.##.
.####.##..#......5##....### #.##.
......##..#....##..####...###....
###...##).########.# ###.##....#
####....÷## #.### #.##.#..#
.........# #.).####5##.....
.........# ###.)...........
.........# ######........
##..#.#÷.### #......###.#


You could see a leopard gecko, a jackal and a friendly crimson imp.

Vanquished Creatures (collateral kills)
  2 leopard geckos (D:1)
  A giant cockroach (D:1)
  3 goblins (D:1)
  5 hobgoblins (D:1)
  A jackal (D:1)
  5 bats (D:1)
  2 kobolds (D:1)
  3 rats (D:1)
22 creatures vanquished.

Notes
Turn   | Place    | Note
-------+----------+-------------------------------------------
     0 | D:1      | LadySerpentine the Deep Elf Summoner began the quest for the Orb.
     0 | D:1      | Reached XP level 1. HP: 10/10 MP: 6/6
   580 | D:1      | Reached XP level 2. HP: 15/15 MP: 1/8
   650 | D:1      | Learned a level 2 spell: Call Imp
  1103 | D:1      | Slain by a leopard gecko

Action                   || total
-------------------------++-------
Melee: Mace              ||     8
 Cast: Summon Small Mamm ||    26
       Call Imp          ||    12
Armor: Robe              ||    15
Dodge: Dodged            ||    55
